 Dungeon Crawl Stone Soup version 0.29.1-1-gd02db6906a (webtiles) character file.

Game seed: 8698048842472640120

2076 GeoRichter the Basher (level 9, -2/72 HPs)
             Began as a Demonspawn Gladiator on Oct 17, 2022.
             Was an Initiate of Okawaru.
             Slain by a yak (8 damage)
             ... on level 7 of the Dungeon.
             The game lasted 00:17:42 (7849 turns).

GeoRichter the Basher (Demonspawn Gladiator)        Turns: 7849, Time: 00:17:42

Health: -2/72      AC:  7    Str: 19    XL:     9   Next: 6%
Magic:  10/10      EV: 13    Int: 10    God:    Okawaru [......]
Gold:   352        SH:  5    Dex: 14    Spells: 8/8 levels left

rFire   . . .      SeeInvis +   a - +0 flail
rCold   . . .      Faith    .   (no shield)
rNeg    . . .      Spirit   .   y - +0 scale mail
rPois   .          Reflect  +   (helmet unavailable)
rElec   .          Harm     .   c - +0 cloak
rCorr   .          Rampage  .   (no gloves)
Will    .....                   (no boots)
Stlth   ..........              o - amulet of reflection
HPRegen 0.22/turn               l - ring of see invisible
MPRegen 0.12/turn               (no ring)

@: about to teleport, flying
A: horns 3, repulsion field 2
a: Renounce Religion


You were on level 7 of the Dungeon.
You worshipped Okawaru.
Okawaru was noncommittal.
You visited 2 branches of the dungeon, and saw 8 of its levels.
You also visited: Sewer.

You collected 352 gold pieces.

Inventory:

Hand Weapons
 a - a +0 flail (weapon)
 r - a +0 broad axe
   (You found it on level 3 of the Dungeon)
 D - the +5 quarterstaff of the Inferno {vorpal, +Blink Fly rN+ Dex-2}
   (You took it off an orc on level 6 of the Dungeon)

   It inflicts extra damage upon your enemies.
   Dex:       It affects your dexterity (-2).
   rN:        It protects you from negative energy.
   Fly:       It grants you flight.
   +Blink:    It lets you blink.
Missiles
 d - 3 throwing nets {!f}
 e - a javelin
 k - 3 silver javelins (quivered)
Armour
 c - a +0 cloak (worn)
   (You found it on level 3 of the Dungeon)
 y - a +0 scale mail (worn)
   (You found it in a sewer)
Jewellery
 l - a ring of see invisible (left hand)
   (You found it on level 2 of the Dungeon)
 o - an amulet of reflection (around neck)
   (You took it off an orc on level 3 of the Dungeon)
 s - an amulet of guardian spirit
   (You found it on level 5 of the Dungeon)
Scrolls
 b - 2 scrolls of magic mapping {unknown}
 f - a scroll of enchant armour {unknown}
 g - a scroll of butterflies {unknown}
 j - a scroll of blinking {unknown}
 n - a scroll of brand weapon {unknown}
 p - a scroll of poison {unknown}
 q - a scroll of amnesia {unknown}
 z - 2 scrolls of enchant weapon {unknown}
 A - a scroll of torment {unknown}
 B - a scroll of noise {unknown}
 F - a scroll of identify {@r1}
Potions
 h - a potion of flight
 i - a potion of might {unknown}
 m - 3 potions of degeneration {unknown}
 t - 3 potions of magic
 u - 3 potions of haste {unknown}
 v - 2 potions of mutation {!q}
 x - 2 potions of invisibility {unknown}
 E - a potion of brilliance {unknown}


   Skills:
 + Level 7.1 Fighting
 + Level 9.2 Maces & Flails
 - Level 1.7 Throwing
 - Level 2.6 Dodging
 + Level 2.2 Invocations


You had 8 spell levels left.
You didn't know any spells.
Your spell library contained the following spells:

 Spells                   Type           Power      Damage    Failure   Level
 Dazzling Flash           Conj/Hex       0%         N/A       98%         3
 Iskenderun's Mystic Bla  Conj/Tloc      0%         2d3       100%        4
 Starburst                Conj/Fire      0%         6d3       100%        6


Dungeon Overview and Level Annotations

Branches:
Dungeon (7/15) Zot: 26858  Temple (1/1) D:7 Zot: 5985   Sewer (visited)

Altars:
Cheibriados
Dithmenos
Gozag
Hepliaklqana
Kikubaaqudgha
Nemelex Xobeh
Okawaru
Qazlal
Sif Muna
Trog
Uskayaw
Vehumet
Wu Jian

Shops:
D:6 :(*

Annotations:
D:6 Dowan, Duvessa, Pikel, Sigmund


Innate Abilities, Weirdness & Mutations

You have a pair of large horns on your head.
You are surrounded by a moderate repulsion field. (EV +3)


Message History

You have reached level 9!
Your experience leads to an increase in your attributes!
Increase (S)trength, (I)ntelligence, or (D)exterity?
You feel stronger. x2
You hit the yak. Your headbutt misses the yak.
You hit the yak but do no damage. Your headbutt misses the yak.
The yak barely misses you. The yak closely misses you.
You hit the yak. The yak barely misses you. You block the yak's attack.
Unknown command.
You barely miss the yak. You headbutt the yak! The yak barely misses you. x2
You hit the yak. You block the yak's attack. The yak gores you.
* * * LOW HITPOINT WARNING * * *
You hit the yak but do no damage. The yak gores you.
* * * LOW HITPOINT WARNING * * *
The yak gores you.
* * * LOW HITPOINT WARNING * * *
You feel better. The yak gores you but does no damage. The yak gores you!
* * * LOW HITPOINT WARNING * * *
You barely miss the yak. You headbutt the yak! The yak gores you.
* * * LOW HITPOINT WARNING * * *
The yak gores you but does no damage.
You feel very buoyant.
You fly up into the air.
The yak completely misses you. The yak attacks as you move away!
The yak gores you!
* * * LOW HITPOINT WARNING * * *
There is a fountain of clear blue water here.
There is a staircase to the Ecumenical Temple here.
The yak attacks as you move away! The yak barely misses you.
There is a fountain of clear blue water here.
The yak attacks as you move away! The yak gores you but does no damage.
The yak attacks as you move away! The yak gores you.
* * * LOW HITPOINT WARNING * * *
Found a scroll labelled WENUIN ZOA.
A goblin comes into view. It is wielding a +0 spear.
The goblin moves out of view.
The yak attacks as you move away! You block the yak's attack.
A gnoll comes into view. It is wielding a +0 spear.
The yak attacks as you move away! The yak misses you.
The goblin shouts!
An orc comes into view. It is wielding a +0 spear.
An orc comes into view. It is wielding a +0 spear.
The orc shouts!
A goblin comes into view. It is wielding a +0 spear.
You hear the faint creaking of a portcullis very nearby.
A water moccasin zombie comes into view.
Found a stone staircase leading down.
The yak attacks as you move away! The yak misses you.
As you read the scroll of teleportation {@r4}, it crumbles to dust.
You feel strangely unstable. The yak gores you!
You die...

#~#?#.... ######
#o..#.#§#
......###~#§§§P.#
~~~~~~~g~#§§P..#### ##
#....#..§PP§.....###.8
#####.o..##§...Y...##...
#......gY.....#.....†..8
.###.#Y#####.###.###...
#.#@## #.# #.# ###.
#.....###.###.## .
##......##.##...#
#...Z...##.##.⌠.#
.............#...#
.............###.###
..>....###.####.....#
######. #.# #.....#
###.# #..>..#


You could see 2 yaks, a gnoll, 2 orcs, a water moccasin zombie and a goblin.

Vanquished Creatures
  Prince Ribbit (D:5)
  A wraith (D:6)
  2 yaks (D:7)
  Menkaure (D:6)
  2 black bears
  A lemure (D:6)
  A phantom (D:5)
  A kobold brigand (D:5)
  2 scorpions
  A centaur zombie (D:7)
  2 jellies
  2 bullfrog zombies (D:7)
  7 hounds
  A gnoll bouda (D:5)
  An orc priest (D:5)
  An iguana (D:5)
  5 orc wizards
  10 gnolls
  6 adders
  A shadow imp (D:4)
  A white imp (D:5)
  An ufetubus (D:6)
  3 worms
  3 dart slugs
  15 orcs
  8 ball pythons
  7 endoplasms
  7 giant cockroaches
  10 goblins
  7 hobgoblins
  4 quokkas
  12 bats
  3 frilled lizards
  23 kobolds
  9 rats
162 creatures vanquished.

Vanquished Creatures (others)
  A fungus (Sewer)
  A plant (Sewer)
  6 toadstools (D:5)
8 creatures vanquished.

Grand Total: 170 creatures vanquished

Notes
Turn   | Place    | Note
-------+----------+-------------------------------------------
     0 | D:1      | GeoRichter the Demonspawn Gladiator began the quest for the
                  | Orb.
     0 | D:1      | Reached XP level 1. HP: 16/16 MP: 1/1
   118 | D:1      | Reached skill level 3 in Maces & Flails
   162 | D:1      | Gained mutation: You are surrounded by a mild repulsion
                  | field. (EV +2) [demonic ancestry]
   162 | D:1      | Reached XP level 2. HP: 16/22 MP: 2/2
   418 | D:1      | Noticed a golden eye
   422 | D:1      | Noticed a floating eye
   425 | D:1      | Found a faded altar of an unknown god.
   427 | D:1      | Noticed a floating eye
   427 | D:1      | Noticed a great orb of eyes
   512 | D:1      | Reached XP level 3. HP: 25/28 MP: 3/3
  1895 | D:3      | Reached skill level 4 in Maces & Flails
  1973 | D:3      | Reached XP level 4. HP: 35/35 MP: 4/4
  2177 | D:3      | Found a glowing drain.
  2209 | Sewer    | Entered a sewer
  3128 | D:3      | Gained mutation: You have a pair of small horns on your
                  | head. [demonic ancestry]
  3128 | D:3      | Reached XP level 5. HP: 41/41 MP: 5/5
  3761 | D:4      | Reached skill level 5 in Maces & Flails
  3898 | D:4      | Noticed a black bear
  3914 | D:4      | Killed a black bear
  3915 | D:4      | Gained mutation: You have a pair of horns on your head.
                  | [demonic ancestry]
  3915 | D:4      | Reached XP level 6. HP: 30/48 MP: 6/6
  4257 | D:4      | Reached skill level 6 in Maces & Flails
  4567 | D:4      | Gained mutation: You have a pair of large horns on your
                  | head. [demonic ancestry]
  4567 | D:4      | Reached XP level 7. HP: 48/55 MP: 7/7
  4769 | D:5      | Entered Level 5 of the Dungeon
  5389 | D:5      | Reached skill level 5 in Fighting
  5967 | D:5      | Reached skill level 7 in Maces & Flails
  6119 | D:6      | Noticed a wraith
  6163 | D:6      | Noticed Menkaure
  6367 | D:6      | Killed a wraith
  6368 | D:6      | Gained mutation: You are surrounded by a moderate repulsion
                  | field. (EV +3) [demonic ancestry]
  6368 | D:6      | Reached XP level 8. HP: 56/64 MP: 8/8
  6840 | D:6      | Killed Menkaure
  6841 | D:6      | Reached skill level 8 in Maces & Flails
  6846 | D:6      | Found Fuovae Rore's General Store.
  6951 | D:6      | Found Luninufe's Book Shoppe.
  6951 | D:6      | Found Arirath's Antique Weapon Shoppe.
  6951 | D:6      | Noticed Prince Ribbit
  6951 | D:6      | Noticed Sigmund
  6993 | D:5      | Killed Prince Ribbit
  7329 | D:6      | Identified the +5 quarterstaff of the Inferno {vorpal,
                  | +Blink Fly rN+ Dex-2}
  7362 | D:6      | Found a stormy altar of Qazlal.
  7430 | D:6      | Noticed Duvessa
  7643 | D:6      | Noticed Pikel
  7643 | D:6      | Noticed Dowan
  7715 | D:7      | Reached skill level 9 in Maces & Flails
  7766 | D:7      | Found a staircase to the Ecumenical Temple.
  7777 | Temple   | Entered the Ecumenical Temple
  7785 | Temple   | Became a worshipper of Warmaster Okawaru
  7810 | D:7      | Reached skill level 1 in Invocations
  7812 | D:7      | Reached XP level 9. HP: 23/72 MP: 8/10
  7822 | D:7      | HP: 2/72 [yak (7)]
  7839 | D:7      | HP: 3/72 [yak (2)]
  7849 | D:7      | Slain by a yak

Illustrated notes

Levels and vault maps discovered:
D:1:      giann_horns, layout_basic, hellmonk_ecumenical_altar_watching_god
D:2:      kb_forest_paths, layout_basic
D:3:      layout_basic, gup_sewer_entry_bubbles
D:4:      layout_basic
D:5:      layout_basic, minmay_gold_behind_fungi, serial_park_tiny_2
D:6:      layout_rooms, nicolae_qazlal_eye_of_the_storm,
          minmay_shop_grid_forest, uniq_pikel, uniq_duvessa,
          uniq_prince_ribbit1, uniq_menkaure, uniq_sigmund
D:7:      layout_loops_ring, minmay_temple_entry_antechambers, serial_undead,
          serial_undead_c, serial_undead_b, serial_undead_a, serial_undead_b,
          serial_undead_c, serial_undead_c, serial_undead_f,
          lightli_bailey_entry_fortress, minmay_fractal_squares_5
Temple:   dpeg_three_leaves_temple

Skill      XL: |  1  2  3  4  5  6  7  8 |
---------------+-------------------------+-----
Maces & Flails | 3 4 5 6 7 9 |  9.2
Fighting       | 3 4 5 7 |  7.1
Invocations    | 2 |  2.2
Throwing       | |  1.7
Dodging        | |  2.6

Action                   |  1- 3 |  4- 6 |  7- 9 || total
-------------------------+-------+-------+-------++-------
Melee: Flail             |    97 |   185 |   205 ||   487
       Punch             |       |     1 |     1 ||     2
       Headbutt          |       |    11 |    53 ||    64
Throw: Dart              |     4 |     3 |       ||     7
       Javelin           |     1 |       |     7 ||     8
       Boomerang         |       |    50 |       ||    50
  Use: Scroll            |       |     4 |     3 ||     7
       Potion            |       |     1 |     4 ||     5
 Stab: Sleeping          |     1 |       |       ||     1
Armor: Leather armour    |    16 |       |       ||    16
       Ring mail         |     7 |    31 |       ||    38
       Scale mail        |       |    34 |    52 ||    86
Dodge: Dodged            |    54 |   114 |   122 ||   290
Block: Other             |       |    27 |    39 ||    66
